 Dungeon Crawl Stone Soup version 0.27.1-33-g824d729ab1 (webtiles) character file.

Game seed: 12649042353078934155

2027 KamiKatze the Cleaver (level 9, 0/75 HPs)
             Began as a Ghoul Fighter on Dec 31, 2021.
             Was a Follower of Okawaru.
             Splashed by Pikel's acid (11 damage)
             ... on level 5 of the Dungeon.
             The game lasted 00:38:12 (6596 turns).

KamiKatze the Cleaver (Ghoul Fighter)               Turns: 6596, Time: 00:38:13

Health: 0/75       AC:  2    Str: 30    XL:     9   Next: 23%
Magic:  9/9        EV: 13    Int: 11    God:    Okawaru [*.....]
Gold:   208        SH: 11    Dex:  8    Spells: 8/8 levels left

rFire    + + .     SeeInvis .   a - +0 war axe
rCold    + + +     Faith    .   c - +0 kite shield
rNeg     + + +     Spirit   .   B - +4 robe of Folly {Brilliance Will-∞ Int+8}
rPois    ∞         Reflect  .   (no helmet)
rElec    .         Harm     .   l - scarf {rC+ rF+}
rCorr    .         Rampage  .   (no gloves)
Will     .....                  (no boots)
Stlth    +++.......             o - amulet of Qairgheck {rC+ Regen+ Str+7 Stlth+}
HPRegen  0.00/turn              d - ring "Ogoteituce" {Wiz rF+ Stlth+}
MPRegen  0.11/turn              z - +4 ring of evasion

@: corroded, inhibited regen, studying Axes
A: claws 1, cold resistance 1, negative energy resistance 3, inhibited
regeneration, torment resistance 2
a: Renounce Religion, Heroism


You were on level 5 of the Dungeon.
You worshipped Okawaru.
Okawaru was aware of your devotion.
You visited 2 branches of the dungeon, and saw 7 of its levels.

You collected 208 gold pieces.

Inventory:

Hand Weapons
 a - a +0 war axe (weapon)
 j - a +0 trident
 k - a +0 flail of venom
 n - a +0 vorpal hand axe
 w - a +2 dagger of venom
Missiles
 e - 3 javelins
 f - 154 stones (quivered)
 r - a throwing net
 u - 6 boomerangs
Armour
 b - a +0 scale mail
 c - a +0 kite shield (worn)
 l - a scarf of resistance (worn)
 A - a +0 cloak
 B - the +4 robe of Folly (worn) {Brilliance Will-∞ Int+8}
   (You found it on level 6 of the Dungeon)

   It increases the power of your magical spells.
   It halves the magic cost of your spells (rounding up).
   It reduces your willpower to zero.
   Int:       It affects your intelligence (+8).
Jewellery
 d - the ring "Ogoteituce" (left claw) {Wiz rF+ Stlth+}
   (You acquired it on level 3 of the Dungeon)

   [ring of wizardry]

   It improves your spell success rate.
   rF:        It protects you from fire.
   Stlth:     It makes you more stealthy.
 o - the amulet of Qairgheck (around neck) {rC+ Regen+ Str+7 Stlth+}
   (You acquired it on level 3 of the Dungeon)

   [amulet of regeneration]

   Str:       It affects your strength (+7).
   rC:        It protects you from cold.
   Regen:     It increases your rate of health regeneration.
   Stlth:     It makes you more stealthy.
 z - a +4 ring of evasion (right claw)
Wands
 y - a wand of flame (18)
Scrolls
 h - 3 scrolls of blinking
 i - a scroll of enchant weapon {unknown}
 s - 2 scrolls of immolation {unknown}
 t - a scroll of silence {unknown}
 x - 2 scrolls of enchant armour {unknown}
 C - a scroll of amnesia {unknown}
Potions
 g - 3 potions of curing
 m - a potion of haste {unknown}
 p - a potion of mutation {unknown}
 q - a potion of lignification {unknown}
 v - a potion of flight {unknown}


   Skills:
 + Level 6.0 Fighting
 * Level 8.4 Axes
 + Level 5.0 Armour
 * Level 6.7 Shields
 - Level 2.0 Invocations


You had 8 spell levels left.
You didn't know any spells.
Your spell library contained the following spells:

 Spells                   Type           Power      Damage    Failure   Level
 Slow                     Hex            0%         N/A       50%         2
 Confusing Touch          Hex            0%         N/A       73%         3
 Yara's Violent Unravell  Hex/Tmut       0%         3d3       100%        5


Dungeon Overview and Level Annotations

Branches:
Dungeon (6/15)             Temple (1/1) D:4

Altars:
Ashenzari
Cheibriados
Dithmenos
Elyvilon
Fedhas
Gozag
Hepliaklqana
Kikubaaqudgha
Makhleb
Nemelex Xobeh
Okawaru
Ru
Sif Muna
Trog
Uskayaw
Vehumet
Xom
Yredelemnul
Zin
The Shining One

Shops:
D:1 [   D:5 =   D:6 *

Annotations:
D:2 1 runed translucent door, exclusion: door, Crazy Yiuf
D:5 Pikel
D:6 1 runed translucent door, exclusion: door, Duvessa; Tzialkovskiy's ghost, novice TrFi


Innate Abilities, Weirdness & Mutations

You thrive by killing the living.
You are immune to poison.
You have sharp fingernails.
Your flesh is cold resistant. (rC+)
You are immune to negative energy. (rN+++)
You do not regenerate when monsters are visible.
You are immune to unholy pain and torment.


Message History

Unknown command.
You slash Pikel!
Pikel is moderately wounded.
You closely miss the lemure. The lemure barely misses you.
Pikel barely misses you. The lemure hits you.
You hit Pikel but do no damage.
Pikel is moderately wounded.
You slash the lemure! You block Pikel's attack. The lemure closely misses you.
Pikel misses you.
You slash the lemure!
The lemure is almost dead.
You closely miss Pikel. The lemure hits you. Pikel closely misses you.
You slash the lemure!
You kill the lemure!
That felt strangely unrewarding.
You completely miss Pikel. You block Pikel's attack.
You barely miss Pikel.
Pikel is moderately wounded.
Pikel hits you with a +1 whip of flaming.
You slash Pikel!
Pikel is heavily wounded.
Pikel misses you.
You closely miss Pikel.
Pikel is heavily wounded.
Pikel zaps a wand.
The bolt of acid hits you! The acid corrodes you!
You are splashed with acid!
Pikel hits you with a +1 whip of flaming!
* * * LOW HITPOINT WARNING * * *
Pikel burns you.
* * * LOW HITPOINT WARNING * * *
You feel better.
Pikel hits you with a +1 whip of flaming.
* * * LOW HITPOINT WARNING * * *
Unknown command.
You closely miss Pikel.
Pikel is heavily wounded.
Pikel zaps a wand.
The bolt of acid hits you!
* * * LOW HITPOINT WARNING * * *
You are splashed with acid!
You die...

############################
...#.......................####
................@.............#
.#.#.######.##...K.........##.#
.#.#.# #.##'############...#
.#.#.# #.....# #.### .#.#.#
#.....# #.# .#.#.# #.....# #.#
...#.# #.....# #†# ####.#
#.....# #.# .....# #.....# #.#


You could see Pikel.

Vanquished Creatures
  Sigmund (D:2)
  Eustachio (D:4)
  2 water moccasins (D:5)
  A sky beast (D:6)
  An ice beast (D:5)
  2 necrophages
  2 ogres (D:5)
  A phantom (D:5)
  2 lemures (D:5)
  Blork the orc (D:5)
  A scorpion (D:6)
  2 water moccasin skeletons
  A howler monkey (D:6)
  A centaur zombie (D:6)
  2 hounds
  2 orc priests
  4 iguanas
  3 orc wizards (D:5)
  11 gnolls
  A howler monkey skeleton (D:6)
  10 adders
  An ufetubus (D:5)
  A worm (D:2)
  2 dart slugs (D:2)
  16 orcs
  7 ball pythons
  8 endoplasms
  3 giant cockroaches
  2 goblins (D:3)
  10 hobgoblins
  6 jackals
  11 kobolds
  8 quokkas
  7 bats
  2 frilled lizards (D:1)
  8 rats
144 creatures vanquished.

Vanquished Creatures (others)
  A fungus (D:2)
1 creature vanquished.

Grand Total: 145 creatures vanquished

Notes
Turn   | Place    | Note
-------+----------+-------------------------------------------
     0 | D:1      | KamiKatze the Ghoul Fighter began the quest for the Orb.
     0 | D:1      | Reached XP level 1. HP: 19/19 MP: 0/0
    89 | D:1      | Reached skill level 2 in Axes
    89 | D:1      | Reached XP level 2. HP: 26/26 MP: 1/1
   423 | D:1      | Reached XP level 3. HP: 30/31 MP: 2/2
   431 | D:1      | Found Cuejisk's Armour Shoppe.
   949 | D:2      | Found a faded altar of an unknown god.
  1137 | D:2      | Reached XP level 4. HP: 36/40 MP: 3/3
  1256 | D:2      | Found a runed translucent door.
  1257 | D:2      | Noticed Crazy Yiuf
  1642 | D:2      | Noticed Sigmund
  1650 | D:2      | Killed Sigmund
  1651 | D:2      | Reached skill level 3 in Axes
  1651 | D:2      | Reached XP level 5. HP: 16/46 MP: 4/4
  1933 | D:2      | Reached XP level 6. HP: 42/52 MP: 5/5
  2132 | D:3      | Identified 3 scrolls of acquirement
  2132 | D:3      | Acquired the ring "Ogoteituce" {Wiz rF+ Stlth+}
  2135 | D:3      | Acquired the amulet of Qairgheck {rC+ Regen+ Str+7 Stlth+}
  2229 | D:3      | Acquired a manual of Axes
  2306 | D:3      | Noticed a necrophage
  2923 | D:3      | Reached skill level 4 in Axes
  3026 | D:3      | Killed a necrophage
  3178 | D:4      | Noticed Eustachio
  3248 | D:4      | Reached XP level 7. HP: 60/60 MP: 6/6
  3589 | D:4      | Killed Eustachio
  3590 | D:4      | Reached skill level 5 in Axes
  3946 | D:4      | Reached skill level 5 in Shields
  4184 | D:4      | Found a staircase to the Ecumenical Temple.
  4190 | D:4      | Found a bloodstained altar of Trog.
  4191 | D:4      | Found a burning altar of Makhleb.
  4193 | Temple   | Entered the Ecumenical Temple
  4315 | Temple   | Became a worshipper of Warmaster Okawaru
  4334 | D:4      | Found a shimmering blue altar of Sif Muna.
  4334 | D:4      | Found a radiant altar of Vehumet.
  4411 | D:5      | Entered Level 5 of the Dungeon
  4424 | D:5      | Noticed Blork the orc
  4651 | D:5      | Reached skill level 5 in Fighting
  4651 | D:5      | Reached skill level 6 in Axes
  4651 | D:5      | Reached XP level 8. HP: 68/68 MP: 7/7
  4803 | D:5      | HP: 1/68 [water moccasin (3)]
  4811 | D:5      | Reached skill level 1 in Invocations
  4816 | D:5      | Killed Blork the orc
  5340 | D:5      | Found Suzyc's Jewellery Shop.
  5361 | D:5      | Reached skill level 7 in Axes
  5454 | D:5      | Reached * piety under Okawaru
  5832 | D:6      | Noticed Pikel
  5918 | D:6      | Identified the +0 pair of gloves of Agnosticism {Harm
                  | Will+}
  5968 | D:6      | Noticed Duvessa
  6008 | D:6      | Found the +4 robe of Folly {Brilliance Will-∞ Int+8}
  6049 | D:6      | Reached XP level 9. HP: 69/75 MP: 9/9
  6216 | D:6      | Found a runed translucent door.
  6229 | D:6      | Reached skill level 8 in Axes
  6233 | D:6      | Noticed Tzialkovskiy's ghost (novice TrFi)
  6258 | D:6      | Reached skill level 5 in Armour
  6409 | D:6      | Found Peufoepp's General Store.
  6596 | D:5      | Splashed by Pikel's acid

Illustrated notes

Levels and vault maps discovered:
D:1:      heliophobic_arrival_henge, layout_loops_ring, serial_shops, shop
D:2:      layout_basic, basic_ecumenical_altar, uniq_sigmund,
          uniq_crazy_yiuf_cottage
D:3:      layout_rooms
D:4:      kennysheep_big_flooded_room, layout_basic,
          chequers_temple_overflow_statue_of_worship,
          minmay_temple_entry_drinking_statues, grunt_decor_resistance,
          uniq_eustachio
D:5:      layout_basic, grunt_ministairs_4, minmay_shop_enchanted_jewellery,
          uniq_blork_the_orc
D:6:      layout_loops_ring, ebering_ghost_reflecting_pool, serial_shops, shop,
          uniq_pikel, uniq_duvessa
Temple:   lightli_temple_of_artemis

Skill      XL: |  1  2  3  4  5  6  7  8  9 |
---------------+----------------------------+-----
Axes           | 2 3 4 6 7 8 |  8.4
Shields        | 3 4 5 6 |  6.7
Armour         | 3 4 5 |  5.0
Fighting       | 4 5 6 |  6.0
Invocations    | 2 |  2.0

Action                   |  1- 3 |  4- 6 |  7- 9 || total
-------------------------+-------+-------+-------++-------
Melee: War axe           |    92 |   133 |   299 ||   524
       Hand axe          |       |     4 |       ||     4
Throw: Stone             |       |       |     8 ||     8
       Javelin           |       |       |     3 ||     3
       Throwing net      |       |       |     1 ||     1
  Use: Potion            |       |     1 |     3 ||     4
       Scroll            |       |     3 |     5 ||     8
 Stab: Sleeping          |       |     5 |     3 ||     8
       Distracted        |       |       |     1 ||     1
Armor: Scale mail        |    14 |     7 |    99 ||   120
       Leather armour    |    12 |    30 |       ||    42
       Robe              |       |       |    20 ||    20
Dodge: Dodged            |    29 |    52 |   133 ||   214
Block: Kite shield       |    45 |    91 |   175 ||   311
